 Dungeon Crawl Stone Soup version 0.29-a0-323-g050149af67 (webtiles) character file.

Game seed: 11035054937830344558

2388 sokol815 the Cruncher (level 9, -2/51 HPs)
             Began as a Gargoyle Gladiator on Apr 10, 2022.
             Was a High Priest of Zin.
             Slain by a wight
             ... wielding a +0 trident
              (5 damage)
             ... on level 6 of the Dungeon.
             The game lasted 00:23:04 (8915 turns).

sokol815 the Cruncher (Gargoyle Gladiator)          Turns: 8915, Time: 00:23:05

Health: -2/51      AC: 19    Str: 17    XL:     9   Next: 46%
Magic:  14/14      EV: 11    Int: 14    God:    Zin [*****.]
Gold:   377        SH:  0    Dex:  7    Spells: 5/8 levels left

rFire   + + .      SeeInvis +   a - +0 quarterstaff
rCold   + + .      Faith    .   (shield currently unavailable)
rNeg    + + .      Spirit   .   b - +4 ring mail "Menaxul" {rElec rF+ rC++ Dex-4}
rPois   ∞          Reflect  .   c - +0 helmet
rElec   +          Harm     .   (no cloak)
rCorr   +          Rampage  .   g - +0 pair of gloves
Will    .....                   z - +1 pair of boots of Fortification {+Blink rF+}
Stlth   ..........              k - amulet of magic regeneration
HPRegen 0.17/turn               V - ring of see invisible {sInv, !d}
MPRegen 0.54/turn               t - ring of Kindness {rN+ rCorr}

@: studying Staves
A: sickness immunity, AC +6, negative energy resistance 1, electricity
resistance, torment resistance 1, petrification resistance
a: Renounce Religion, Evoke Blink, Recite, Vitalisation, Imprison, Sanctuary,
Donate Gold


You were on level 6 of the Dungeon.
You worshipped Zin.
Zin was extremely pleased with you.
You visited 1 branch of the dungeon, and saw 8 of its levels.
You also visited: Ossuary.

You collected 418 gold pieces.
You donated 41 gold pieces to Zin.

Inventory:

Hand Weapons
 a - a +0 quarterstaff (weapon)
 u - a +2 short sword of venom
   (You found it on level 3 of the Dungeon)
 w - a +0 halberd of venom
   (You took it off a wight on level 6 of the Dungeon)
 y - a +2 dagger of speed
   (You took it off a goblin on level 4 of the Dungeon)
 A - a +2 hand axe of freezing
   (You took it off an orc warrior on level 6 of the Dungeon)
Missiles
 d - 3 throwing nets {!d}
 e - 5 javelins
 s - 199 stones
Armour
 b - the +4 ring mail "Menaxul" (worn) {rElec rF+ rC++ Dex-4}
   (You found it on level 5 of the Dungeon)

   Dex:       It affects your dexterity (-4).
   rF:        It protects you from fire.
   rC:        It greatly protects you from cold.
   rElec:     It insulates you from electricity.
 c - a +0 helmet (worn)
 g - a +0 pair of gloves (worn)
   (You found it on level 2 of the Dungeon)
 z - the +1 pair of boots of Fortification (worn) {+Blink rF+}
   (You acquired it on level 5 of the Dungeon)

   rF:        It protects you from fire.
   +Blink:    It lets you blink.
Jewellery
 i - a +6 ring of dexterity
   (You found it in an ossuary)
 k - an amulet of magic regeneration (around neck)
   (You found it on level 1 of the Dungeon)
 t - the ring of Kindness (right hand) {rN+ rCorr}
   (You found it on level 6 of the Dungeon)

   [ring of resist corrosion]

   rN:        It protects you from negative energy.
   rCorr:     It protects you from acid and corrosion.
 V - a ring of see invisible (left hand) {sInv, !d}
   (You found it on level 6 of the Dungeon)
 Z - a ring of wizardry {Wiz+, !d}
   (You acquired it on level 5 of the Dungeon)
Wands
 h - a wand of acid (10)
   (You found it on level 2 of the Dungeon)
 p - a wand of paralysis (7)
   (You found it on level 4 of the Dungeon)
 q - a wand of flame (13)
   (You found it on level 6 of the Dungeon)
Scrolls
 f - 3 scrolls of identify {@r1}
 m - 2 scrolls of vulnerability {!r!r}
 x - a scroll of amnesia
 X - a scroll of magic mapping {@r4!r}
 Y - 4 scrolls of teleportation {@r3}
Potions
 j - a potion of ambrosia {unknown}
 l - a potion of curing {unknown}
 n - a potion of berserk rage {unknown}
 o - a potion of haste {unknown}
 r - 2 potions of brilliance {unknown}
 v - a potion of cancellation {unknown}
 I - 2 potions of invisibility
 L - 4 potions of flight
 M - 2 potions of might


   Skills:
 - Level 3.5 Fighting
 * Level 9.5 Staves
 - Level 2.8 Throwing
 - Level 3.2 Dodging
 + Level 5.1 Conjurations
 + Level 5.7 Earth Magic
 + Level 6.9 Invocations


You had 5 spell levels left.
You knew the following spells:

 Your Spells              Type           Power      Damage    Failure   Level
x - Stone Arrow           Conj/Erth      30%        3d8       17%         3

Your spell library contained the following spells:

 Spells                   Type           Power      Damage    Failure   Level
 Summon Small Mammal      Summ           0%         N/A       47%         1
 Call Canine Familiar     Summ           0%         N/A       85%         3
 Summon Guardian Golem    Hex/Summ       0%         N/A       85%         3
 Animate Armour           Summ/Erth      16%        N/A       86%         4
 Lehudib's Crystal Spear  Conj/Erth      7%         10d3      100%        8


Dungeon Overview and Level Annotations

Branches:
Dungeon (8/15)            Ossuary (visited)
 Temple: D:4-7         Lair: D:8-11

Altars:
Ashenzari
Hepliaklqana
Kikubaaqudgha
Ru
Wu Jian
Xom
Zin

Annotations:
D:4 Duvessa


Innate Abilities, Weirdness & Mutations

You are immune to sickness and miasma.
Your stone body is resilient. (AC +6)
You are immune to poison.
You resist negative energy. (rN+)
You are resistant to electric shocks. (rElec)
You are resistant to unholy torment.
You are immune to petrification.


Message History

No target in view!
f - 3 scrolls of identify {@r1} (gained 1)
There is a stone staircase leading up here.
A sky beast comes into view.
MP restored: 14 The stone arrow hits the sky beast!
You now have 11/14 mp.
The stone arrow misses the sky beast.
The sky beast flickers out of sight for a moment.
You now have 9/14 mp.
You miscast Stone Arrow.
You are very lightly contaminated with residual magic.
Strange energies run through your body!
You take 8 damage, and have 43/51 hp.
You now have 7/14 mp.
You sock the sky beast!
The sky beast hits you but does no damage.
You hit the sky beast. The sky beast barely misses you.
You hit the sky beast but do no damage.
The sky beast hits you but does no damage.
You sock the sky beast!
You kill the sky beast!
No target in view!
No target in view!
You start resting.
Your magical contamination has completely faded away.
You regained 4 mp, and now have 12/14 mp.
You start resting.
Health restored: 51; MP restored: 14 You see here a sky beast corpse.
A wight comes into view. It is wielding a +0 hand axe.
The wight throws a stone.
The stone hits you.
You take 1 damage, and have 50/51 hp.
The stone arrow hits the wight!
A wight comes into view. It is wielding a +3 war axe.
The wight throws a stone.
The stone hits you but does no damage.
You now have 11/14 mp.
The stone arrow misses the wight.
A wight comes into view. It is wielding a +1 flail.
You now have 9/14 mp.
The stone arrow misses the wight.
Health restored: 51 You now have 6/14 mp.
You sock the wight!
You destroy the wight!
Zin accepts your kill.
A wight comes into view. It is wielding a +0 trident.
Things that are here:
a +0 hand axe; 22 stones; a +0 robe You closely miss the wight.
You sock the wight! The wight closely misses you.
You hit the wight. The wight hits you with a +1 flail.
The wight hits you with a +3 war axe!
You take 12 damage, and have 39/51 hp.
MASSIVE DAMAGE!!
You hit the wight.
The wight hits you but does no damage. x3
You barely miss the wight. The wight hits you but does no damage.
The wight hits you from afar with a +0 trident!
The wight hits you with a +3 war axe.
You take 10 damage, and have 29/51 hp.
You closely miss the wight.
The wight hits you but does no damage. x2
The wight misses you.
You sock the wight!
You destroy the wight!
Zin accepts your kill.
You barely miss the wight. The wight hits you with a +3 war axe.
The wight hits you but does no damage.
You take 3 damage, and have 26/51 hp.
You hit the wight. The wight hits you but does no damage.
The wight closely misses you.
You hit the wight. The wight hits you with a +3 war axe!
The wight hits you from afar with a +0 trident.
* * * LOW HITPOINT WARNING * * *
You take 14 damage, and have 12/51 hp.
MASSIVE DAMAGE!!
You barely miss the wight. The wight hits you but does no damage.
The wight closely misses you.
You hit the wight. You hit the wight but do no damage.
The wight hits you with a +3 war axe.
* * * LOW HITPOINT WARNING * * *
The wight barely misses you.
You hit the wight but do no damage. The wight barely misses you.
The wight closely misses you.
MP restored: 14 You barely miss the wight.
The wight hits you with a +3 war axe.
* * * LOW HITPOINT WARNING * * *
The wight hits you but does no damage.
You take 2 damage, and have 10/51 hp.
You hit the wight but do no damage. The wight misses you.
The wight hits you from afar with a +0 trident.
* * * LOW HITPOINT WARNING * * *
You take 1 damage, and have 9/51 hp.
You hit the wight but do no damage. You closely miss the wight.
The wight hits you with a +3 war axe.
* * * LOW HITPOINT WARNING * * *
The wight hits you from afar with a +0 trident!
Zin protects you from harm!
You take 6 damage, and have 3/51 hp.
You hit the wight. The wight hits you but does no damage.
The wight hits you from afar with a +0 trident.
You die...

....###.. ...#...#
......# .....## .. ##
..... .# ..###. #z..
..# ....... #z)# #...
# ......##
#.@#####.... .. #....#
##.......... .. #..##
#.......... ..
####...### #.....###.
..###........###...###
..
...........#†..#..##
#..
#.........###.....#
#... #........##
##....####....
##..###..#
#......#.....


You could see 2 wights.

Vanquished Creatures
  2 wraiths
  A water moccasin (D:6)
  2 orc warriors
  An ice beast (D:5)
  2 sky beasts
  An ogre (D:5)
  3 scorpions
  5 wights (D:6)
  Dowan (D:4)
  A howler monkey (D:4)
  3 hounds
  A gnoll shaman (D:4)
  2 jellies
  2 human zombies (Ossuary)
  3 orc priests
  4 iguanas
  6 orc wizards
  Ijyb (D:4)
  2 hound zombies (Ossuary)
  4 mummies (Ossuary)
  7 gnolls
  4 adders
  A white imp (D:6)
  3 ufetubi
  3 worms
  2 dart slugs
  13 orcs
  9 ball pythons
  11 bats
  7 endoplasms
  4 giant cockroaches
  A gnoll zombie (Ossuary)
  7 hobgoblins
  3 jackals (D:1)
  2 kobolds
  5 quokkas
  2 frilled lizards
  6 goblins
  2 goblin zombies (Ossuary)
  A hobgoblin zombie (Ossuary)
  A jackal zombie (Ossuary)
  An orc zombie (Ossuary)
  5 rats
  2 rat zombies (Ossuary)
149 creatures vanquished.

Vanquished Creatures (others)
  7 plants
7 creatures vanquished.

Grand Total: 156 creatures vanquished

Notes
Turn   | Place    | Note
-------+----------+-------------------------------------------
     0 | D:1      | sokol815 the Gargoyle Gladiator began the quest for the
                  | Orb.
     0 | D:1      | Reached XP level 1. HP: 12/12 MP: 1/1
    88 | D:1      | Reached XP level 2. HP: 18/18 MP: 2/2
    93 | D:1      | Reached skill level 2 in Throwing
   303 | D:1      | Found a faded altar of an unknown god.
   312 | D:1      | Prayed at the altar of an unknown god.
   312 | D:1      | Became a worshipper of Zin the Law-Giver
   312 | D:1      | Reached * piety under Zin
   386 | D:1      | Reached ** piety under Zin
   608 | D:1      | Reached XP level 3. HP: 22/22 MP: 3/3
  1466 | D:2      | Reached skill level 3 in Fighting
  1580 | D:2      | Reached XP level 4. HP: 28/28 MP: 4/4
  1645 | D:2      | Reached *** piety under Zin
  1932 | D:2      | Reached skill level 3 in Dodging
  2463 | D:3      | HP: 7/28 [orc/+0 trident (7)]
  2464 | D:3      | HP: 2/28 [orc/+0 trident (5)]
  2766 | D:3      | Reached XP level 5. HP: 29/32 MP: 5/5
  2877 | D:3      | Reached skill level 1 in Invocations
  3095 | D:3      | Reached skill level 2 in Invocations
  3234 | D:4      | Noticed Duvessa
  3303 | D:4      | Found a sand-covered staircase.
  3315 | Ossuary  | Entered an ossuary
  3341 | Ossuary  | Reached XP level 6. HP: 36/37 MP: 7/7
  3350 | Ossuary  | Reached skill level 3 in Invocations
  3401 | Ossuary  | Reached skill level 4 in Invocations
  3704 | Ossuary  | Reached **** piety under Zin
  3829 | D:4      | Learned a level 3 spell: Stone Arrow
  3920 | D:4      | Found a broken altar of Ashenzari.
  3920 | D:4      | Found an ancient bone altar of Kikubaaqudgha.
  3920 | D:4      | Found a shimmering altar of Xom.
  3960 | D:4      | Noticed a sky beast
  3985 | D:4      | Killed a sky beast
  3986 | D:4      | Reached skill level 1 in Conjurations
  3986 | D:4      | Reached skill level 1 in Earth Magic
  3986 | D:4      | Reached XP level 7. HP: 26/41 MP: 10/10
  4152 | D:4      | Noticed Dowan
  4182 | D:4      | Killed Dowan
  4183 | D:4      | Reached skill level 2 in Earth Magic
  4312 | D:4      | Found a hazy altar of Hepliaklqana.
  4314 | D:4      | Found a sacrificial altar of Ru.
  4435 | D:4      | Noticed Ijyb
  4453 | D:4      | Killed Ijyb
  4454 | D:4      | Reached skill level 2 in Conjurations
  4929 | D:4      | Reached skill level 5 in Invocations
  5209 | D:5      | Entered Level 5 of the Dungeon
  5317 | D:5      | Identified 3 scrolls of acquirement
  5317 | D:5      | Acquired a ring of wizardry
  5319 | D:5      | Acquired a manual of Staves
  5321 | D:5      | Acquired the +1 pair of boots of Fortification {+Blink rF+}
  5384 | D:5      | You fall into a shaft and drop 3 floors!
  5384 | D:8      | Found an ornate altar of the Wu Jian Council.
  5434 | D:8      | Reached skill level 4 in Staves
  5684 | D:8      | Reached skill level 3 in Earth Magic
  5894 | D:7      | Reached skill level 5 in Staves
  6091 | D:6      | Noticed a wraith
  6096 | D:6      | Noticed a wraith
  6225 | D:5      | Identified the +4 ring mail "Menaxul" {rElec rF+ rC++
                  | Dex-4}
  6274 | D:5      | Reached skill level 3 in Conjurations
  6274 | D:5      | Reached XP level 8. HP: 37/46 MP: 12/12
  6603 | D:4      | Reached skill level 6 in Staves
  7099 | D:5      | Reached skill level 4 in Earth Magic
  7122 | D:5      | Reached ***** piety under Zin
  7541 | D:5      | Reached skill level 7 in Staves
  7625 | D:5      | Killed a wraith
  7626 | D:5      | Reached skill level 4 in Conjurations
  7626 | D:5      | Reached skill level 6 in Invocations
  7813 | D:6      | Identified the ring of Kindness {rN+ rCorr}
  7959 | D:6      | Reached skill level 8 in Staves
  7963 | D:6      | Reached XP level 9. HP: 30/51 MP: 10/13
  7986 | D:6      | Reached skill level 5 in Earth Magic
  8304 | D:6      | HP: 7/51 [water moccasin (6)]
  8305 | D:6      | HP: 2/51 [water moccasin (5)]
  8312 | D:6      | Reached skill level 9 in Staves
  8312 | D:6      | Reached skill level 5 in Conjurations
  8906 | D:6      | HP: 12/51 [wight/+0 trident (5)]
  8911 | D:6      | HP: 10/51 [wight/+3 war axe (2)]
  8914 | D:6      | HP: 3/51 [wight/+3 war axe (6)]
  8914 | D:6      | Zin protects you from harm!
  8915 | D:6      | Slain by a wight

Illustrated notes

Levels and vault maps discovered:
D:1:      dpeg_arrival_arbitrary_c, layout_basic,
          dreamdust_ecumenical_altar_statues
D:2:      layout_loops_corners
D:3:      layout_rooms
D:4:      layout_gridville, gammafunk_temple_overflow_claw,
          mainiacjoe_overflow_catwalk_spiral, chequers_ossuary_entry_cave,
          serial_forest, infiniplex_forest_straight_1, infiniplex_forest_end_1,
          infiniplex_forest_clump_small, infiniplex_forest_pool,
          infiniplex_forest_straight_1, infiniplex_forest_lined_room_2,
          infiniplex_forest_corner_1, infiniplex_forest_lined_room_3,
          uniq_duvessa, uniq_ijyb
D:5:      layout_gridville, st_stairs_4, nicolae_concentric_dashed_squares_mild,
          chequers_garden, grunt_decor_fettered
D:6:      layout_layer_cave, minmay_temple_entry_gardened_gates,
          nicolae_inconvenience_store, minmay_misc_feat_four_crosses,
          minmay_microvault, uniq_grinder
D:7:      nzn_winding_woodlands_medium [nzn_winding_woodlands_5x5_closed_star,
          nzn_winding_woodlands_5x15_garden, nzn_winding_woodlands_5x5_three,
          nzn_winding_woodlands_hourglass, nzn_winding_woodlands_center_garden,
          nzn_winding_woodlands_5x5_cross, nzn_winding_woodlands_5x5_default,
          nzn_winding_woodlands_5x15_lazy_stream,
          nzn_winding_woodlands_5x5_checkerboard], layout_cave_pods,
          old_standard_altar, mainiacjoe_overflow_concentric_impassable,
          uniq_menkaure
D:8:      gammafunk_cloud_chamber, layout_gridville,
          nicolae_wu_jian_glorious_leap, vehumet_crystals, uniq_grum

Skill      XL: |  1  2  3  4  5  6  7  8  9 |
---------------+----------------------------+-----
Throwing       | 2 |  2.8
Fighting       | 3 |  3.5
Dodging        | 3 |  3.2
Invocations    | 2 4 5 6 |  6.9
Conjurations   | 1 3 4 5 |  5.1
Earth Magic    | 1 3 4 5 |  5.7
Staves         | 5 8 9 |  9.5

Action                   |  1- 3 |  4- 6 |  7- 9 || total
-------------------------+-------+-------+-------++-------
Melee: Quarterstaff      |   123 |   185 |   403 ||   711
       Dagger            |       |       |    23 ||    23
       Punch             |       |       |     2 ||     2
Throw: Javelin           |     1 |       |       ||     1
 Cast: Stone Arrow       |       |       |    17 ||    17
Invok: Recite            |       |     4 |     2 ||     6
       Vitalisation      |       |     1 |     1 ||     2
Evoke: Wand              |       |     3 |     6 ||     9
  Use: Scroll            |     5 |     4 |     6 ||    15
       Potion            |       |     3 |     4 ||     7
 Stab: Invisible         |       |     4 |     5 ||     9
       Confused          |       |     1 |       ||     1
       Paralysed         |       |       |    25 ||    25
Armor: Leather armour    |    74 |     9 |       ||    83
       Ring mail         |       |    47 |   251 ||   298
       Chain mail        |       |    80 |       ||    80
Dodge: Dodged            |   120 |   121 |   249 ||   490

Table legend: (Time is in decaauts)
 A = Elapsed time spent in this place.
 B = Non-inter-level travel time spent in this place.
 C = Inter-level travel time spent in this place.
 D = Time resting spent in this place.
 E = Time spent auto-exploring this place.
 F = Levels seen in this place.
 G = Mean time per level.
                   A        B        C        D        E       F      G
               +--------+--------+--------+--------+--------+-----+--------+
         Total |   8963 |   8530 |    433 |   2154 |   4566 |   9 |  995.9 |
       Dungeon |   8481 |   8048 |    433 |   2154 |   4283 |   8 | 1060.1 |
       Ossuary |    481 |    481 |      0 |      0 |    283 |   1 |  481.0 |
               +--------+--------+--------+--------+--------+-----+--------+

Top non-repeatable levels by time:
     D:4: 1666 daAuts
     D:5: 1655 daAuts
     D:2: 1524 daAuts
     D:6: 1077 daAuts
     D:1: 955 daAuts
     D:3: 897 daAuts
 Ossuary: 481 daAuts
     D:8: 475 daAuts
     D:7: 229 daAuts

Table legend:
 A = Kills in this place as a percentage of kills in entire the game.
 B = Kills by you in this place as a percentage of kills by you in the entire game.
 C = Kills by friends in this place as a percentage of kills by friends in the entire game.
 D = Other kills in this place as a percentage of other kills in the entire game.
 E = Experience gained in this place as a percentage of experience gained in the entire game.
 F = Experience gained in this place divided by the number of levels of this place that you have seen.
                   A       B       C       D       E      F
               +-------+-------+-------+-------+-------+----------------------
         Total | 100.0 | 100.0 |   N/A | 100.0 | 100.0 | 379.1
       Dungeon |  89.3 |  89.1 |   N/A | 100.0 |  94.0 | 401.0
       Ossuary |  10.7 |  10.9 |   N/A |   0.0 |   6.0 | 204.0
               +-------+-------+-------+-------+-------+----------------------
